 Dungeon Crawl Stone Soup version 0.30.1-11-g7821555f0a (webtiles) character file.

Game seed: 14092485176376379508

1010 monsoonserge the Skirmisher (level 8, -3/40 HPs)
             Began as a Spriggan Hunter on Nov 3, 2023.
             Was an Initiate of Okawaru.
             Killed from afar by Maggie (19 damage)
             ... with a bolt of fire
             ... on level 6 of the Dungeon.
             The game lasted 00:09:24 (4734 turns).

monsoonserge the Skirmisher (Spriggan Hunter)       Turns: 4734, Time: 00:09:25

Health: -3/40      AC:  2    Str:  7    XL:     8   Next: 1%
Magic:  9/9        EV: 19    Int: 10    God:    Okawaru [......]
Gold:   315        SH:  0    Dex: 21    Spells: 7/7 levels left

rFire   . . .        a - +0 shortbow
rCold   . . .        (shield currently unavailable)
rNeg    . . .        c - +0 robe
rPois   .            (helmet restricted)
rElec   .            (no cloak)
rCorr   .            (gloves unavailable)
SInv    +            (boots unavailable)
Will    +....        (no amulet)
Stlth   ++           (no ring)
HPRegen 0.26/turn    (no ring)
MPRegen 0.11/turn

%: no passive effects
@: very quick
A: very small, no large weapons, unfitting armour, see invisible, speed 3
a: Renounce Religion


You were on level 6 of the Dungeon.
You worshipped Okawaru.
Okawaru was noncommittal.
You visited 2 branches of the dungeon, and saw 7 of its levels.

You collected 320 gold pieces.
You spent 5 gold pieces at shops.

Inventory:

Hand Weapons
 a - a +0 shortbow (weapon)
 i - a +0 sling
Missiles
 f - 12 poisoned darts
Armour
 c - a +0 robe (worn)
Jewellery
 h - a ring of fire
Wands
 v - a wand of mindburst (7)
 y - a wand of flame (17)
Scrolls
 b - a scroll of immolation
 d - 4 scrolls of teleportation {unknown}
 e - 3 scrolls of poison {unknown}
 j - a scroll of fear {unknown}
 l - 4 scrolls of enchant armour {unknown}
 o - 2 scrolls of enchant weapon {unknown}
 q - 4 scrolls of identify {unknown}
 s - a scroll of torment {unknown}
 u - a scroll of amnesia {unknown}
 w - a scroll of magic mapping {unknown}
Potions
 g - a potion of curing
 k - 2 potions of brilliance {unknown}
 m - a potion of berserk rage {unknown}
 n - a potion of attraction {unknown}
 p - a potion of mutation {unknown}
 r - 4 potions of might {unknown}
 t - a potion of ambrosia {unknown}
 x - a potion of haste {unknown}
 z - a potion of flight {unknown}


   Skills:
 + Level 3.1 Fighting
 + Level 9.2 Ranged Weapons
 + Level 3.5 Dodging
 + Level 2.3 Stealth
 * Level 1.0 Invocations
 + Level 0.7 Evocations


You had 7 spell levels left.
You didn't know any spells.
Your spell library contained the following spells:

 Spells                   Type           Power      Damage    Failure   Level
 Beastly Appendage        Tmut           0%         N/A       36%         1
 Foxfire                  Conj/Fire      0%         2x1d4     36%         1
 Slow                     Hex            0%         N/A       36%         1
 Sting                    Tmut/Pois      0%         1d3       36%         1
 Lesser Beckoning         Tloc           0%         N/A       50%         2
 Poisonous Vapours        Pois/Air       0%         N/A       50%         2
 Wereblood                Tmut           0%         N/A       50%         2
 Confusing Touch          Hex            0%         N/A       75%         3
 Gell's Gravitas          Tloc           0%         N/A       75%         3
 Spider Form              Tmut/Pois      0%         N/A       75%         3
 Teleport Other           Tloc           0%         N/A       75%         3
 Vampiric Draining        Necr           0%         2d6       75%         3
 Olgreb's Toxic Radiance  Pois           0%         N/A       98%         4
 Fireball                 Conj/Fire      0%         3d3       100%        5
 Plasma Beam              Fire/Air       0%         2x1d11    100%        6
 Starburst                Conj/Fire      0%         6d3       100%        6
 Orb of Destruction       Conj           0%         9d5       100%        7
 Summon Small Mammal      Summ           Unusable   N/A       N/A         1
 Call Canine Familiar     Summ           Unusable   N/A       N/A         3
 Summon Guardian Golem    Hex/Summ       Unusable   N/A       N/A         3
 Spellforged Servitor     Conj/Summ      Unusable   N/A       N/A         7

Dungeon Overview and Level Annotations

Branches:
Dungeon (6/15)             Temple (1/1) D:5

Altars:
Ashenzari
Cheibriados
Dithmenos
Elyvilon
Fedhas
Hepliaklqana
Kikubaaqudgha
Makhleb
Nemelex Xobeh
Okawaru
Qazlal
Ru
Trog
Uskayaw
Vehumet
Wu Jian
Xom
Yredelemnul
Zin
The Shining One

Shops:
D:5 *

Annotations:
D:6 Maggie


Innate Abilities, Weirdness & Mutations

You are very small and have problems with some larger weapons.
You are too small for most types of armour.
You have supernaturally acute eyesight. (SInv)
You cover ground extremely quickly. (Speed+++)


Message History

Aiming: Mindburst
Press: ? - help, Shift-Dir - straight line, f/p - Maggie
Aim: Maggie, wielding a +1 war axe of flaming and wearing +0 swamp dragon scales (lightly wounded, chance to affect: 67%) Maggie's mind is blasted!!
Aiming: Mindburst
Press: ? - help, Shift-Dir - straight line, f/p - Maggie
Aim: Maggie, wielding a +1 war axe of flaming and wearing +0 swamp dragon scales (heavily wounded, chance to affect: 67%) Maggie's mind is blasted!
Aiming: Throw Flame
Press: ? - help, Shift-Dir - straight line, f/p - Maggie
Aim: Maggie, wielding a +1 war axe of flaming and wearing +0 swamp dragon scales (severely wounded, 72% to hit)
The puff of flame hits Maggie.
Maggie is almost dead.
Maggie gestures at you while chanting. The bolt of fire misses you.
Aiming: Throw Flame
Press: ? - help, Shift-Dir - straight line, f/p - Maggie
Aim: Maggie, wielding a +1 war axe of flaming and wearing +0 swamp dragon scales (almost dead, 72% to hit)
The puff of flame hits Maggie but does no damage.
Maggie is almost dead.
Aiming: Throw Flame
Press: ? - help, Shift-Dir - straight line, f/p - Maggie
Aim: Maggie, wielding a +1 war axe of flaming and wearing +0 swamp dragon scales (almost dead, 72% to hit)
The puff of flame hits Maggie but does no damage.
Maggie is almost dead.
Aiming: Throw Flame
Press: ? - help, Shift-Dir - straight line, f/p - Maggie
Aim: Maggie, wielding a +1 war axe of flaming and wearing +0 swamp dragon scales (almost dead, 72% to hit)
The puff of flame hits Maggie.
Maggie is almost dead.
Press: ? - help, v - describe, . - travel
Here: Maggie, wielding a +1 war axe of flaming and wearing +0 swamp dragon scales (almost dead)
The floor.
Aiming: Throw Flame
Press: ? - help, Shift-Dir - straight line, f/p - Maggie
Aim: Maggie, wielding a +1 war axe of flaming and wearing +0 swamp dragon scales (almost dead, 72% to hit)
The puff of flame misses Maggie.
Maggie gestures at you while chanting. The bolt of fire hits you!!
You die...

###.#
#.#.#
....#
#.#.#
#####
#.#.######
#(.....#
######.#
#.# #.#
#.# #@#
#.# #@#
#.# #.#
#.# #.#
#.# #.#


You could see Maggie.

Vanquished Creatures
  Grinder (D:5)
  A water moccasin (D:6)
  An ogre (D:5)
  3 scorpions
  4 wights (D:6)
  2 hounds (D:5)
  2 iguanas (D:5)
  4 adders
  A white imp (D:6)
  An ufetubus (D:4)
  2 dart slugs
  4 orcs
  7 endoplasms
  3 giant cockroaches
  7 goblins
  8 hobgoblins
  8 jackals
  5 quokkas
  2 ball pythons
  2 bats (D:2)
  7 frilled lizards
  13 kobolds
  4 rats
92 creatures vanquished.

Notes
Turn   | Place    | Note
-------+----------+-------------------------------------------
     0 | D:1      | monsoonserge the Spriggan Hunter began the quest for the
                  | Orb.
     0 | D:1      | Reached XP level 1. HP: 10/10 MP: 2/2
   110 | D:1      | Reached XP level 2. HP: 14/14 MP: 3/3
   289 | D:1      | You fall into a shaft and drop 1 floor!
   534 | D:1      | Reached XP level 3. HP: 18/18 MP: 4/4
   803 | D:1      | Reached skill level 5 in Ranged Weapons
  1447 | D:2      | Reached XP level 4. HP: 22/23 MP: 5/5
  1735 | D:3      | Found a faded altar of an unknown god.
  2127 | D:3      | Found a hazy altar of Hepliaklqana.
  2537 | D:4      | Noticed a scorpion
  2549 | D:4      | Killed a scorpion
  2550 | D:4      | Reached skill level 6 in Ranged Weapons
  2550 | D:4      | Reached XP level 5. HP: 26/26 MP: 6/6
  3091 | D:5      | Entered Level 5 of the Dungeon
  3172 | D:5      | Noticed an ogre
  3212 | D:5      | Killed an ogre
  3213 | D:5      | Reached XP level 6. HP: 31/31 MP: 7/7
  3234 | D:5      | Reached skill level 7 in Ranged Weapons
  3509 | D:5      | Noticed Grinder
  3530 | D:5      | Killed Grinder
  3531 | D:5      | Reached XP level 7. HP: 21/35 MP: 8/8
  3564 | D:5      | Reached skill level 8 in Ranged Weapons
  3798 | D:5      | Found Yppevvom's CLEARANCE SALE!.
  3808 | D:5      | Bought a potion of degeneration for 5 gold pieces
  3983 | D:5      | Found a staircase to the Ecumenical Temple.
  4029 | Temple   | Entered the Ecumenical Temple
  4240 | Temple   | Became a worshipper of Warmaster Okawaru
  4529 | D:6      | Reached skill level 9 in Ranged Weapons
  4625 | D:6      | Reached XP level 8. HP: 40/40 MP: 9/9
  4643 | D:6      | Reached skill level 1 in Invocations
  4723 | D:6      | Noticed Maggie
  4734 | D:6      | Killed from afar by Maggie

Illustrated notes

Levels and vault maps discovered:
D:1:      lemuel_arrival_room, layout_basic, grunt_decor_cap,
          lexackson_kobold_supper
D:2:      layout_loops_cross
D:3:      layout_basic, worldfamousw_hep_ancestral_shrine,
          hellmonk_ecumenical_altar_prayer_group
D:4:      layout_gridville
D:5:      corexii_shack_village, layout_loops_ring, temple_hall, st_stairs_6,
          nicolae_shop_clearance, uniq_grinder
D:6:      layout_loops_ring, uniq_maggie
Temple:   nicolae_temple_bog_church

Skill      XL: |  1  2  3  4  5  6  7  8 |
---------------+-------------------------+-----
Ranged Weapons | 5 6 7 9 |  9.2
Fighting       | 2 3 |  3.1
Dodging        | 3 |  3.5
Stealth        | 2 |  2.3
Invocations    | 1 |  1.0
Evocations     | |  0.7

Action                     |  1- 3 |  4- 6 |  7- 9 || total
---------------------------+-------+-------+-------++-------
   Fire: Shortbow          |    97 |   105 |    58 ||   260
  Evoke: Wand              |       |     2 |     7 ||     9
    Use: Potion            |       |     1 |       ||     1
 Armour: Robe              |     4 |     5 |       ||     9
  Dodge: Dodged            |    29 |    23 |     8 ||    60
